Princes vs Manchots
Created - 17 février 2013 at 00:32
Goals
|
| Princes |
0 |
3 |
0 |
3 |
| Manchots |
1 |
1 |
0 |
2 |
|
Shots
|
| Princes |
13 |
10 |
10 |
33 |
| Manchots |
9 |
11 |
14 |
34 |
|
1st period
1. Manchots , Logan Couture 5 (Fredrik Sjostrom, Stanislav Neckar) at 13:27
Penalties :
Jesse Winchester (Cal) for Hooking (Minor) at 0:15, Jordan LaVallee (Out) for Hooking (Minor) at 3:47, Sebastien Caron (Out) for Slashing (Minor) at 17:44 - Pernell Karl Subban served the penalty
2nd period
2. Princes , Curtis Glencross 7 (P.J. Axelsson, Michael Nylander) at 1:24
3. Manchots , Fredrik Sjostrom 18 (Cal Clutterbuck, Logan Couture) at 3:35 (PP)
4. Princes , David Perron 24 (Chris Thorburn, Jason Strudwick) at 6:44
5. Princes , Rostislav Klesla 2 (Chris Thorburn, Alexander Korolyuk) at 14:15 (PP)
Penalties :
Jason Strudwick (Cal) for Roughing (Minor) at 2:57, Chris Thorburn (Cal) for Hooking (Minor) at 3:48, Nate Prosser (Cal) for Tripping (Minor) at 8:04, Pernell Karl Subban (Out) for High sticking (Minor) at 13:41, Hal Gill (Out) for Holding (Minor) at 16:02
3rd period
No Goal
Penalties :
Tyler Kennedy (Out) for Tripping (Minor) at 3:00
Goalie Stats
Jeff Deslauriers (Cal), 32 saves from 34 shots - (0,941), W, 11-8-0, 60:00 minutes
Sebastien Caron (Out), 30 saves from 33 shots - (0,909), L, 2-1-2, 59:17 minutes
Players Stats for Princes
Player Name G A P +/- PIM S H SB GA TA FO MP PP MP PK MP
------------------------------------------------------------------------------------
Alexander Korolyuk 0 1 1 0 0 2 2 0 0 0 0/0 17:57 3:51 0:24
Anthony Peluso 0 0 0 0 0 0 2 0 0 0 0/0 6:37 0:01 0:00
Brian McGrattan 0 0 0 0 0 2 1 1 0 0 0/0 17:57 4:27 0:00
Chris Thorburn 0 2 2 0 2 3 3 0 1 0 0/2 17:49 3:51 0:00
Curtis Glencross 1 0 1 1 0 2 2 0 1 0 2/2 15:03 0:00 4:00
David Desharnais 0 0 0 0 0 0 2 0 0 0 1/2 6:52 0:12 0:00
David Perron 1 0 1 1 0 9 3 0 1 0 0/1 19:23 4:32 0:24
Jason Strudwick 0 1 1 2 2 1 0 1 0 1 0/0 20:07 0:00 3:16
Jesse Winchester 0 0 0 -1 2 2 6 2 0 0 12/22 17:39 3:51 0:00
Kevin Shattenkirk 0 0 0 0 0 2 1 0 1 0 0/0 23:38 4:31 1:27
Michael Haley 0 0 0 0 0 0 2 0 0 0 0/0 6:34 0:00 0:00
Michael Nylander 0 1 1 0 0 1 1 0 0 2 13/19 20:18 4:33 2:11
Nate Prosser 0 0 0 1 2 1 3 0 0 0 0/0 20:38 3:59 1:52
P.J. Axelsson 0 1 1 1 0 3 4 1 0 0 4/8 15:21 0:12 4:00
Rostislav Klesla 1 0 1 0 0 1 1 1 2 2 0/0 24:25 3:59 2:41
Theo Peckham 0 0 0 0 0 2 1 2 0 1 0/0 16:12 0:00 3:54
Tyler Brenner 0 0 0 1 0 0 1 1 0 0 0/5 11:51 0:00 2:11
Yannick Weber 0 0 0 -1 0 2 1 1 2 0 0/0 15:00 4:31 0:00
Players Stats for Manchots
Player Name G A P +/- PIM S H SB GA TA FO MP PP MP PK MP
------------------------------------------------------------------------------------
Cal Clutterbuck 0 1 1 1 0 1 2 0 2 1 0/1 15:35 2:51 0:00
Denis Arkhipov 0 0 0 0 0 3 1 0 0 0 2/8 10:19 0:00 4:35
Eric Gryba 0 0 0 0 0 0 0 1 0 0 0/0 10:28 0:00 0:00
Eric Tangradi 0 0 0 -1 0 0 0 0 0 0 1/2 9:59 0:00 0:00
Fredrik Sjostrom 1 1 2 1 0 9 5 1 1 0 0/0 19:24 2:51 2:38
Hal Gill 0 0 0 0 2 2 1 1 0 0 0/0 22:51 2:24 3:36
Ilkka Heikkinen 0 0 0 0 0 0 1 0 0 1 0/0 21:41 2:24 3:35
Jamie Benn 0 0 0 -1 0 0 2 0 0 0 0/1 20:18 3:44 1:18
Jerome Samson 0 0 0 0 0 0 0 0 0 0 0/0 5:31 0:00 0:00
Jordan LaVallee 0 0 0 0 2 3 0 1 0 0 0/0 5:51 0:00 0:00
Logan Couture 1 1 2 1 0 2 1 0 0 0 7/19 17:27 2:51 1:42
Martin Hanzal 0 0 0 -1 0 3 1 0 0 0 15/24 20:19 3:44 0:11
Pernell Karl Subban 0 0 0 -1 2 1 2 4 0 1 0/0 24:14 4:11 1:19
Petr Sykora 0 0 0 -1 0 4 1 3 1 1 1/2 24:28 3:44 4:34
Richard Petiot 0 0 0 0 0 3 1 1 0 2 0/0 14:26 0:00 3:35
Spencer Machacek 0 0 0 -1 0 1 2 0 0 0 1/1 9:59 0:00 0:00
Stanislav Neckar 0 1 1 -1 0 1 1 3 1 1 0/0 26:27 4:11 4:55
Tyler Kennedy 0 0 0 -1 2 1 0 1 1 1 2/3 12:09 0:00 2:02
3 Stars
1 - Fredrik Sjostrom (Out)
2 - Logan Couture (Out)
3 - David Perron (Cal)
Power Play
Princes - 1 on 5 Attempt(s) - 20,00%
Manchots - 1 on 4 Attempt(s) - 25,00%
Penalty Kill
Princes - 3 on 4 Attempt(s) - 75,00%
- Score 0 goal in Penalty Kill
Manchots - 4 on 5 Attempt(s) - 80,00%
- Score 0 goal in Penalty Kill
Official
Referees : Morton Dean and Banfield David
Linesman : Michel Cormier and Shane Heyer
Game Notes
No Game Note
Princes
5 vs 5 Forward
Center Left Wing Right Wing Time % Phy DF OF
1 Jesse Winchester Alexander Korolyuk Chris Thorburn 40 1 1 3
2 Michael Nylander David Perron Brian McGrattan 35 1 1 3
3 Tyler Brenner Curtis Glencross P.J. Axelsson 20 1 2 2
4 David Desharnais Michael Haley Anthony Peluso 5 2 2 1
5 vs 5 Defense
Defense Defense Time % Phy DF OF
1 Rostislav Klesla Kevin Shattenkirk 40 0 3 2
2 Jason Strudwick Nate Prosser 35 0 3 2
3 Yannick Weber Theo Peckham 20 0 3 2
4 Yannick Weber Theo Peckham 5 0 3 2
PowerPlay Forward
Center Left Wing Right Wing Time % Phy DF OF
1 Michael Nylander David Perron Brian McGrattan 60 0 1 4
2 Jesse Winchester Alexander Korolyuk Chris Thorburn 40 1 2 2
PowerPlay Defense
Defense Defense Time % Phy DF OF
1 Kevin Shattenkirk Yannick Weber 60 0 2 3
2 Rostislav Klesla Nate Prosser 40 0 2 3
Penalty Kill 4 Players Forward
Center Wing Time % Phy DF OF
1 P.J. Axelsson Curtis Glencross 60 1 3 1
2 Michael Nylander Tyler Brenner 40 1 3 1
Penalty Kill 4 Players Defense
Defense Defense Time % Phy DF OF
1 Jason Strudwick Theo Peckham 60 1 4 0
2 Rostislav Klesla Nate Prosser 40 1 4 0
Penalty Kill - 3 Players Forward
Forward Time % Phy DF OF
1 Michael Nylander 60 0 4 1
2 P.J. Axelsson 40 0 4 1
Penalty Kill - 3 Players Defense
Defense Defense Time % Phy DF OF
1 Jason Strudwick Theo Peckham 60 1 4 0
2 Rostislav Klesla Nate Prosser 40 1 4 0
4 vs 4 Forward
Center Wing Time % Phy DF OF
1 Michael Nylander David Perron 60 1 2 2
2 Curtis Glencross Brian McGrattan 40 1 2 2
4 vs 4 Defense
Defense Defense Time % Phy DF OF
1 Kevin Shattenkirk Rostislav Klesla 60 1 2 2
2 Theo Peckham Nate Prosser 40 1 2 2
Last Minutes Offensive
Center Left Wing Right Wing Defense Defense
Michael Nylander David Perron Brian McGrattan Kevin Shattenkirk Rostislav Klesla
Last Minutes Defensive
Center Left Wing Right Wing Defense Defense
Michael Nylander P.J. Axelsson Brian McGrattan Jason Strudwick Theo Peckham
Goaltenders
Starting : Jeff Deslauriers
Backup : Manny Legace
Extra Forwards
Normal : P.J. Axelsson, Jesse Winchester, Curtis Glencross - PP : P.J. Axelsson, David Desharnais - PK : David Perron
Extra Defensemen
Normal : Kevin Shattenkirk, Theo Peckham, Yannick Weber - PP : Theo Peckham - PK : Kevin Shattenkirk, Yannick Weber
Penalty Shots
Michael Nylander, Brian McGrattan, David Perron, Curtis Glencross, Alexander Korolyuk
Manchots
5 vs 5 Forward
Center Left Wing Right Wing Time % Phy DF OF
1 Martin Hanzal Jamie Benn Petr Sykora 37 0 1 4
2 Logan Couture Fredrik Sjostrom Cal Clutterbuck 34 0 1 4
3 Tyler Kennedy Eric Tangradi Spencer Machacek 22 1 1 3
4 Denis Arkhipov Jordan LaVallee Jerome Samson 7 1 1 3
5 vs 5 Defense
Defense Defense Time % Phy DF OF
1 Pernell Karl Subban Stanislav Neckar 40 1 2 2
2 Ilkka Heikkinen Hal Gill 33 1 2 2
3 Eric Gryba Richard Petiot 17 1 2 2
4 Hal Gill Pernell Karl Subban 10 1 1 3
PowerPlay Forward
Center Left Wing Right Wing Time % Phy DF OF
1 Martin Hanzal Jamie Benn Petr Sykora 60 1 1 3
2 Logan Couture Fredrik Sjostrom Cal Clutterbuck 40 1 1 3
PowerPlay Defense
Defense Defense Time % Phy DF OF
1 Stanislav Neckar Pernell Karl Subban 60 1 1 3
2 Hal Gill Ilkka Heikkinen 40 1 1 3
Penalty Kill 4 Players Forward
Center Wing Time % Phy DF OF
1 Denis Arkhipov Petr Sykora 60 1 2 2
2 Tyler Kennedy Fredrik Sjostrom 40 1 2 2
Penalty Kill 4 Players Defense
Defense Defense Time % Phy DF OF
1 Hal Gill Stanislav Neckar 60 1 2 2
2 Ilkka Heikkinen Richard Petiot 40 1 2 2
Penalty Kill - 3 Players Forward
Forward Time % Phy DF OF
1 Denis Arkhipov 60 1 2 2
2 Tyler Kennedy 40 1 2 2
Penalty Kill - 3 Players Defense
Defense Defense Time % Phy DF OF
1 Stanislav Neckar Hal Gill 60 1 2 2
2 Richard Petiot Ilkka Heikkinen 40 1 2 2
4 vs 4 Forward
Center Wing Time % Phy DF OF
1 Martin Hanzal Petr Sykora 60 1 1 3
2 Denis Arkhipov Fredrik Sjostrom 40 1 1 3
4 vs 4 Defense
Defense Defense Time % Phy DF OF
1 Pernell Karl Subban Stanislav Neckar 60 1 1 3
2 Hal Gill Richard Petiot 40 1 1 3
Last Minutes Offensive
Center Left Wing Right Wing Defense Defense
Martin Hanzal Fredrik Sjostrom Petr Sykora Stanislav Neckar Pernell Karl Subban
Last Minutes Defensive
Center Left Wing Right Wing Defense Defense
Denis Arkhipov Fredrik Sjostrom Petr Sykora Stanislav Neckar Hal Gill
Goaltenders
Starting : Sebastien Caron
Backup : Ondrej Pavelec
Extra Forwards
Normal : Fredrik Sjostrom, Martin Hanzal, Petr Sykora - PP : Petr Sykora, Fredrik Sjostrom - PK : Denis Arkhipov
Extra Defensemen
Normal : Hal Gill, Pernell Karl Subban, Stanislav Neckar - PP : Pernell Karl Subban - PK : Stanislav Neckar, Hal Gill
Penalty Shots
Martin Hanzal, Fredrik Sjostrom, Petr Sykora, Logan Couture, Denis Arkhipov
% Time on Ice - Princes
Lines # - Real PCT - Wanted PCT - Time Play
Normal Forward
1 - 32% - 40% - 13:59
2 - 31% - 35% - 13:39
3 - 22% - 20% - 9:40
4 - 15% - 5% - 6:34
Normal Defense
1 - 41% - 40% - 17:50
2 - 37% - 35% - 16:18
3 - 21% - 20% - 9:09
4 - 1% - 5% - 0:35
PP Forward
1 - 55% - 60% - 4:39
2 - 45% - 40% - 3:51
PP Defense
1 - 53% - 60% - 4:31
2 - 47% - 40% - 3:59
PK Forward
1 - 67% - 60% - 4:24
2 - 33% - 40% - 2:11
PK Defense
1 - 59% - 60% - 3:54
2 - 41% - 40% - 2:41
PK3 Forward
1 - 0% - 60%
2 - 0% - 40%
PK3 Defense
1 - 0% - 60%
2 - 0% - 40%
44 Forward
1 - 0% - 60%
2 - 0% - 40%
44 Defense
1 - 0% - 60%
2 - 0% - 40%
Last Minute Offensive - 0:00
Last Minute Defensive - 1:03
Total
Forward - 60:00
Defense - 60:00
|
% Time on Ice - Manchots
Lines # - Real PCT - Wanted PCT - Time Play
Normal Forward
1 - 35% - 37% - 15:16
2 - 30% - 34% - 13:05
3 - 23% - 22% - 9:59
4 - 13% - 7% - 5:31
Normal Defense
1 - 38% - 40% - 16:47
2 - 35% - 33% - 15:12
3 - 24% - 17% - 10:28
4 - 3% - 10% - 1:24
PP Forward
1 - 57% - 60% - 3:44
2 - 43% - 40% - 2:51
PP Defense
1 - 64% - 60% - 4:11
2 - 36% - 40% - 2:24
PK Forward
1 - 69% - 60% - 5:52
2 - 31% - 40% - 2:38
PK Defense
1 - 58% - 60% - 4:55
2 - 42% - 40% - 3:35
PK3 Forward
1 - 0% - 60%
2 - 0% - 40%
PK3 Defense
1 - 0% - 60%
2 - 0% - 40%
44 Forward
1 - 0% - 60%
2 - 0% - 40%
44 Defense
1 - 0% - 60%
2 - 0% - 40%
Last Minute Offensive - 1:04
Last Minute Defensive - 0:00
Total
Forward - 60:00
Defense - 60:00
|
Play by Play
1st period
0:01 of 1st period - Jesse Winchester wins face-off versus Martin Hanzal in neutral zone.
0:15 of 1st period - Minor Penalty to Jesse Winchester for Hooking.
0:16 of 1st period - P.J. Axelsson wins face-off versus Martin Hanzal in Princes zone.
0:51 of 1st period - Slapshot by Fredrik Sjostrom.
0:51 of 1st period - Stopped by Jeff Deslauriers without a rebound.
0:52 of 1st period - Michael Nylander wins face-off versus Logan Couture in Princes zone.
1:05 of 1st period - Wrist shot by Fredrik Sjostrom.
1:05 of 1st period - Shot Misses the Net.
2:15 of 1st period - Penalty to Jesse Winchester is over, Jesse Winchester is back on ice.
2:28 of 1st period - Tyler Kennedy is hit by Anthony Peluso and loses puck.
2:35 of 1st period - Rostislav Klesla is hit by Hal Gill and loses puck.
3:17 of 1st period - David Perron is hit by Spencer Machacek and loses puck.
3:42 of 1st period - Slapshot by Nate Prosser.
3:42 of 1st period - Shot Blocked by Jordan LaVallee.
3:47 of 1st period - Minor Penalty to Jordan LaVallee for Hooking.
3:48 of 1st period - Michael Nylander wins face-off versus Denis Arkhipov in Manchots zone.
4:03 of 1st period - Wrist shot by Michael Nylander.
4:03 of 1st period - Shot Misses the Net.
4:19 of 1st period - Tyler Kennedy is hit by Jesse Winchester and loses puck.
5:47 of 1st period - Penalty to Jordan LaVallee is over, Jordan LaVallee is back on ice.
5:52 of 1st period - Hal Gill is hit by Tyler Brenner and loses puck.
6:23 of 1st period - Richard Petiot is hit by P.J. Axelsson and loses puck.
7:05 of 1st period - Ilkka Heikkinen is hit by Alexander Korolyuk and loses puck.
7:37 of 1st period - Jason Strudwick is hit by Fredrik Sjostrom and loses puck.
7:50 of 1st period - Snap shot by P.J. Axelsson.
7:50 of 1st period - Stopped by Sebastien Caron without a rebound.
7:51 of 1st period - Martin Hanzal wins face-off versus Tyler Brenner in Manchots zone.
7:57 of 1st period - Icing by Martin Hanzal.
7:58 of 1st period - Michael Nylander wins face-off versus Martin Hanzal in Manchots zone.
8:58 of 1st period - Snap shot by P.J. Axelsson.
8:58 of 1st period - Stopped by Sebastien Caron without a rebound.
8:59 of 1st period - Martin Hanzal wins face-off versus Michael Nylander in Manchots zone.
9:30 of 1st period - Snap shot by Tyler Kennedy.
9:30 of 1st period - Stopped by Jeff Deslauriers with a rebound.
9:32 of 1st period - Wrist shot by Richard Petiot.
9:32 of 1st period - Shot Misses the Net.
9:34 of 1st period - Snap shot by Richard Petiot.
9:34 of 1st period - Stopped by Jeff Deslauriers without a rebound.
9:35 of 1st period - Jesse Winchester wins face-off versus Jamie Benn in Princes zone.
9:35 of 1st period - Jesse Winchester is hit by Petr Sykora.
9:41 of 1st period - Slapshot by Alexander Korolyuk.
9:41 of 1st period - Shot Misses the Net.
9:47 of 1st period - Backhand shot by Alexander Korolyuk.
9:47 of 1st period - Shot Blocked by Petr Sykora.
9:49 of 1st period - Snap shot by Alexander Korolyuk.
9:49 of 1st period - Stopped by Sebastien Caron with a rebound.
9:51 of 1st period - Snap shot by Jesse Winchester.
9:51 of 1st period - Shot Blocked by Petr Sykora.
10:01 of 1st period - P.J. Axelsson is hit by Logan Couture and loses puck.
10:06 of 1st period - Wrist shot by Fredrik Sjostrom.
10:06 of 1st period - Stopped by Jeff Deslauriers without a rebound.
10:07 of 1st period - Logan Couture wins face-off versus Michael Nylander in Princes zone.
10:10 of 1st period - Snap shot by Fredrik Sjostrom.
10:10 of 1st period - Stopped by Jeff Deslauriers with a rebound.
10:32 of 1st period - Martin Hanzal is hit by Chris Thorburn and loses puck.
11:03 of 1st period - Snap shot by Curtis Glencross.
11:03 of 1st period - Shot Misses the Net.
11:05 of 1st period - Slapshot by Jason Strudwick.
11:05 of 1st period - Stopped by Sebastien Caron without a rebound.
11:06 of 1st period - Logan Couture wins face-off versus Jesse Winchester in Manchots zone.
11:06 of 1st period - Logan Couture is hit by Chris Thorburn.
11:40 of 1st period - Wrist shot by David Perron.
11:40 of 1st period - Stopped by Sebastien Caron with a rebound.
11:42 of 1st period - Snap shot by Brian McGrattan.
11:42 of 1st period - Stopped by Sebastien Caron with a rebound.
11:44 of 1st period - Snap shot by Michael Nylander.
11:44 of 1st period - Shot Misses the Net.
11:56 of 1st period - Kevin Shattenkirk is hit by Ilkka Heikkinen and loses puck.
12:21 of 1st period - Wrist shot by Denis Arkhipov.
12:21 of 1st period - Stopped by Jeff Deslauriers with a rebound.
12:29 of 1st period - Slapshot by Rostislav Klesla.
12:29 of 1st period - Shot Blocked by Eric Gryba.
12:39 of 1st period - Alexander Korolyuk is hit by Fredrik Sjostrom and loses puck.
12:52 of 1st period - Snap shot by Fredrik Sjostrom.
12:52 of 1st period - Stopped by Jeff Deslauriers without a rebound.
12:53 of 1st period - Michael Nylander wins face-off versus Martin Hanzal in Princes zone.
13:27 of 1st period - Wrist shot by Logan Couture.
13:27 of 1st period - Goal by Logan Couture - Princes : 0 - Manchots : 1.
13:28 of 1st period - Martin Hanzal wins face-off versus Jesse Winchester in neutral zone.
13:54 of 1st period - Petr Sykora is hit by Curtis Glencross and loses puck.
14:01 of 1st period - Wrist shot by P.J. Axelsson.
14:01 of 1st period - Stopped by Sebastien Caron with a rebound.
14:03 of 1st period - Slapshot by Nate Prosser.
14:03 of 1st period - Shot Misses the Net.
14:18 of 1st period - Off-side.
14:19 of 1st period - Michael Nylander wins face-off versus Logan Couture in neutral zone.
14:26 of 1st period - Snap shot by David Perron.
14:26 of 1st period - Deflect By Stanislav Neckar.
14:26 of 1st period - Shot Misses the Net.
14:26 of 1st period - Puck is out of play.
14:27 of 1st period - Jesse Winchester wins face-off versus Logan Couture in Manchots zone.
14:28 of 1st period - Snap shot by Chris Thorburn.
14:28 of 1st period - Stopped by Sebastien Caron without a rebound.
14:29 of 1st period - Jesse Winchester wins face-off versus Logan Couture in Manchots zone.
14:59 of 1st period - Petr Sykora is hit by David Perron and loses puck.
15:08 of 1st period - Wrist shot by David Perron.
15:08 of 1st period - Stopped by Sebastien Caron without a rebound.
15:09 of 1st period - Michael Nylander wins face-off versus Eric Tangradi in Manchots zone.
15:14 of 1st period - Snap shot by Michael Nylander.
15:14 of 1st period - Shot Blocked by Hal Gill.
15:25 of 1st period - Slapshot by Pernell Karl Subban.
15:25 of 1st period - Stopped by Jeff Deslauriers with a rebound.
15:35 of 1st period - Jesse Winchester is hit by Jamie Benn and loses puck.
16:00 of 1st period - Curtis Glencross is hit by Fredrik Sjostrom and loses puck.
16:05 of 1st period - Wrist shot by Fredrik Sjostrom.
16:05 of 1st period - Shot Blocked by Tyler Brenner.
16:15 of 1st period - Denis Arkhipov is hit by Nate Prosser and loses puck.
16:39 of 1st period - Eric Tangradi is hit by Michael Nylander and loses puck.
17:26 of 1st period - Slapshot by Fredrik Sjostrom.
17:26 of 1st period - Shot Misses the Net.
17:38 of 1st period - Snap shot by David Perron.
17:38 of 1st period - Stopped by Sebastien Caron with a rebound.
17:40 of 1st period - Snap shot by Brian McGrattan.
17:40 of 1st period - Stopped by Sebastien Caron with a rebound.
17:42 of 1st period - Slapshot by Kevin Shattenkirk.
17:42 of 1st period - Stopped by Sebastien Caron with a rebound.
17:44 of 1st period - Slapshot by Kevin Shattenkirk.
17:44 of 1st period - Stopped by Sebastien Caron without a rebound.
17:44 of 1st period - Minor Penalty to Sebastien Caron for Slashing.
17:45 of 1st period - Michael Nylander wins face-off versus Denis Arkhipov in Manchots zone.
18:17 of 1st period - Stanislav Neckar is hit by Jesse Winchester.
19:44 of 1st period - Penalty to Pernell Karl Subban is over, Pernell Karl Subban is back on ice.
19:52 of 1st period - Tyler Brenner is hit by Pernell Karl Subban and loses puck.
19:59 of 1st period - Pernell Karl Subban is hit by Theo Peckham and loses puck.
2nd period
0:01 of 2nd period - Martin Hanzal wins face-off versus Jesse Winchester in neutral zone.
0:16 of 2nd period - Wrist shot by Martin Hanzal.
0:16 of 2nd period - Shot Misses the Net.
0:30 of 2nd period - Off-side.
0:31 of 2nd period - Michael Nylander wins face-off versus Logan Couture in neutral zone.
0:31 of 2nd period - Michael Nylander is hit by Fredrik Sjostrom.
0:34 of 2nd period - Off-side.
0:35 of 2nd period - Logan Couture wins face-off versus Chris Thorburn in neutral zone.
0:46 of 2nd period - Snap shot by Chris Thorburn.
0:46 of 2nd period - Deflect By Jesse Winchester.
0:46 of 2nd period - Stopped by Sebastien Caron with a rebound.
0:50 of 2nd period - Slapshot by Alexander Korolyuk.
0:50 of 2nd period - Shot Misses the Net.
1:02 of 2nd period - Snap shot by Michael Nylander.
1:02 of 2nd period - Shot Misses the Net.
1:24 of 2nd period - Snap shot by P.J. Axelsson.
1:24 of 2nd period - Deflect By Curtis Glencross.
1:24 of 2nd period - Goal by Curtis Glencross - Princes : 1 - Manchots : 1.
1:25 of 2nd period - Jesse Winchester wins face-off versus Martin Hanzal in neutral zone.
1:32 of 2nd period - Petr Sykora is hit by Jesse Winchester and loses puck.
2:00 of 2nd period - David Perron is hit by Cal Clutterbuck and loses puck.
2:17 of 2nd period - Wrist shot by Jordan LaVallee.
2:17 of 2nd period - Stopped by Jeff Deslauriers without a rebound.
2:18 of 2nd period - Denis Arkhipov wins face-off versus Tyler Brenner in Princes zone.
2:25 of 2nd period - Slapshot by Denis Arkhipov.
2:25 of 2nd period - Stopped by Jeff Deslauriers without a rebound.
2:26 of 2nd period - Martin Hanzal wins face-off versus Chris Thorburn in Princes zone.
2:53 of 2nd period - Kevin Shattenkirk is hit by Pernell Karl Subban and loses puck.
2:57 of 2nd period - Minor Penalty to Jason Strudwick for Roughing.
2:58 of 2nd period - Martin Hanzal wins face-off versus P.J. Axelsson in Princes zone.
3:01 of 2nd period - Snap shot by Martin Hanzal.
3:01 of 2nd period - Stopped by Jeff Deslauriers without a rebound.
3:02 of 2nd period - Martin Hanzal wins face-off versus P.J. Axelsson in Princes zone.
3:35 of 2nd period - Snap shot by Fredrik Sjostrom.
3:35 of 2nd period - Goal by Fredrik Sjostrom - Princes : 1 - Manchots : 2.
3:36 of 2nd period - Martin Hanzal wins face-off versus Jesse Winchester in neutral zone.
3:39 of 2nd period - Wrist shot by Petr Sykora.
3:39 of 2nd period - Deflect By Jesse Winchester.
3:39 of 2nd period - Shot Blocked by Jason Strudwick.
3:39 of 2nd period - Puck is out of play.
3:40 of 2nd period - Martin Hanzal wins face-off versus Jesse Winchester in Princes zone.
3:41 of 2nd period - Snap shot by Petr Sykora.
3:41 of 2nd period - Shot Blocked by Jesse Winchester.
3:43 of 2nd period - Slapshot by Martin Hanzal.
3:43 of 2nd period - Stopped by Jeff Deslauriers with a rebound.
3:45 of 2nd period - Snap shot by Petr Sykora.
3:45 of 2nd period - Deflect By Martin Hanzal.
3:45 of 2nd period - Shot Misses the Net.
3:45 of 2nd period - Puck is out of play.
3:46 of 2nd period - Petr Sykora wins face-off versus Jesse Winchester in Princes zone.
3:48 of 2nd period - Minor Penalty to Chris Thorburn for Hooking.
3:49 of 2nd period - P.J. Axelsson wins face-off versus Martin Hanzal in Princes zone.
4:54 of 2nd period - Snap shot by Martin Hanzal.
4:54 of 2nd period - Shot Misses the Net.
5:04 of 2nd period - Ilkka Heikkinen is hit by Nate Prosser and loses puck.
5:09 of 2nd period - Slapshot by Michael Nylander.
5:09 of 2nd period - Shot Misses the Net.
5:44 of 2nd period - Petr Sykora is hit by Alexander Korolyuk and loses puck.
5:48 of 2nd period - Penalty to Chris Thorburn is over, Chris Thorburn is back on ice.
6:28 of 2nd period - Wrist shot by David Perron.
6:28 of 2nd period - Shot Misses the Net.
6:30 of 2nd period - Slapshot by Jason Strudwick.
6:30 of 2nd period - Shot Blocked by Stanislav Neckar.
6:32 of 2nd period - Slapshot by Jason Strudwick.
6:32 of 2nd period - Shot Misses the Net.
6:42 of 2nd period - Backhand shot by David Perron.
6:42 of 2nd period - Stopped by Sebastien Caron with a rebound.
6:44 of 2nd period - Wrist shot by David Perron.
6:44 of 2nd period - Goal by David Perron - Princes : 2 - Manchots : 2.
6:45 of 2nd period - Curtis Glencross wins face-off versus Logan Couture in neutral zone.
7:52 of 2nd period - Wrist shot by David Perron.
7:52 of 2nd period - Stopped by Sebastien Caron without a rebound.
7:53 of 2nd period - Spencer Machacek wins face-off versus David Perron in Manchots zone.
7:53 of 2nd period - Spencer Machacek is hit by David Perron.
8:04 of 2nd period - Minor Penalty to Nate Prosser for Tripping.
8:05 of 2nd period - P.J. Axelsson wins face-off versus Martin Hanzal in Princes zone.
9:00 of 2nd period - Icing by Martin Hanzal.
9:01 of 2nd period - Martin Hanzal wins face-off versus P.J. Axelsson in Manchots zone.
9:01 of 2nd period - Martin Hanzal is hit by P.J. Axelsson.
9:43 of 2nd period - Wrist shot by Hal Gill.
9:43 of 2nd period - Stopped by Jeff Deslauriers without a rebound.
9:44 of 2nd period - Martin Hanzal wins face-off versus P.J. Axelsson in Princes zone.
10:04 of 2nd period - Penalty to Nate Prosser is over, Nate Prosser is back on ice.
10:16 of 2nd period - Wrist shot by Alexander Korolyuk.
10:16 of 2nd period - Deflect By Pernell Karl Subban.
10:16 of 2nd period - Stopped by Sebastien Caron with a rebound.
10:18 of 2nd period - Wrist shot by Chris Thorburn.
10:18 of 2nd period - Shot Blocked by Pernell Karl Subban.
10:20 of 2nd period - Snap shot by Alexander Korolyuk.
10:20 of 2nd period - Deflect By Chris Thorburn.
10:20 of 2nd period - Stopped by Sebastien Caron with a rebound.
10:22 of 2nd period - Slapshot by Rostislav Klesla.
10:22 of 2nd period - Shot Blocked by Stanislav Neckar.
10:47 of 2nd period - Snap shot by Cal Clutterbuck.
10:47 of 2nd period - Stopped by Jeff Deslauriers without a rebound.
10:48 of 2nd period - Martin Hanzal wins face-off versus David Desharnais in Princes zone.
11:18 of 2nd period - Slapshot by Theo Peckham.
11:18 of 2nd period - Deflect By Brian McGrattan.
11:18 of 2nd period - Shot Blocked by Tyler Kennedy.
11:18 of 2nd period - Puck is out of play.
11:19 of 2nd period - Tyler Kennedy wins face-off versus Michael Nylander in Manchots zone.
11:24 of 2nd period - Backhand shot by Richard Petiot.
11:24 of 2nd period - Stopped by Jeff Deslauriers with a rebound.
11:34 of 2nd period - Wrist shot by Spencer Machacek.
11:34 of 2nd period - Shot Misses the Net.
11:47 of 2nd period - Slapshot by Rostislav Klesla.
11:47 of 2nd period - Deflect By Alexander Korolyuk.
11:47 of 2nd period - Shot Misses the Net.
11:47 of 2nd period - Puck is out of play.
11:48 of 2nd period - Jesse Winchester wins face-off versus Petr Sykora in Manchots zone.
11:49 of 2nd period - Snap shot by Chris Thorburn.
11:49 of 2nd period - Shot Blocked by Petr Sykora.
11:51 of 2nd period - Wrist shot by Chris Thorburn.
11:51 of 2nd period - Deflect By Alexander Korolyuk.
11:51 of 2nd period - Shot Misses the Net.
11:51 of 2nd period - Puck is out of play.
11:52 of 2nd period - Martin Hanzal wins face-off versus Jesse Winchester in Manchots zone.
12:01 of 2nd period - Wrist shot by Alexander Korolyuk.
12:01 of 2nd period - Shot Blocked by Pernell Karl Subban.
12:03 of 2nd period - Wrist shot by Chris Thorburn.
12:03 of 2nd period - Shot Misses the Net.
12:23 of 2nd period - Snap shot by Curtis Glencross.
12:23 of 2nd period - Stopped by Sebastien Caron without a rebound.
12:24 of 2nd period - Logan Couture wins face-off versus Tyler Brenner in Manchots zone.
12:26 of 2nd period - Icing by Fredrik Sjostrom.
12:27 of 2nd period - Michael Nylander wins face-off versus Cal Clutterbuck in Manchots zone.
12:28 of 2nd period - Snap shot by David Perron.
12:28 of 2nd period - Deflect By Brian McGrattan.
12:28 of 2nd period - Shot Misses the Net.
12:28 of 2nd period - Puck is out of play.
12:29 of 2nd period - Logan Couture wins face-off versus Michael Nylander in Manchots zone.
13:05 of 2nd period - Nate Prosser is hit by Jamie Benn and loses puck.
13:22 of 2nd period - Tyler Brenner is hit by Spencer Machacek and loses puck.
13:35 of 2nd period - Spencer Machacek is hit by David Desharnais and loses puck.
13:41 of 2nd period - Minor Penalty to Pernell Karl Subban for High sticking.
13:42 of 2nd period - Denis Arkhipov wins face-off versus Michael Nylander in Manchots zone.
14:13 of 2nd period - Slapshot by Rostislav Klesla.
14:13 of 2nd period - Shot Blocked by Stanislav Neckar.
14:15 of 2nd period - Backhand shot by Rostislav Klesla.
14:15 of 2nd period - Goal by Rostislav Klesla - Princes : 3 - Manchots : 2.
14:16 of 2nd period - Jesse Winchester wins face-off versus Logan Couture in neutral zone.
14:25 of 2nd period - Snap shot by Chris Thorburn.
14:25 of 2nd period - Shot Blocked by Pernell Karl Subban.
14:27 of 2nd period - Wrist shot by Jesse Winchester.
14:27 of 2nd period - Stopped by Sebastien Caron with a rebound.
14:31 of 2nd period - Backhand shot by Alexander Korolyuk.
14:31 of 2nd period - Shot Misses the Net.
15:20 of 2nd period - David Desharnais is hit by Denis Arkhipov and loses puck.
15:27 of 2nd period - Snap shot by Jordan LaVallee.
15:27 of 2nd period - Deflect By Denis Arkhipov.
15:27 of 2nd period - Stopped by Jeff Deslauriers without a rebound.
15:28 of 2nd period - Jesse Winchester wins face-off versus Logan Couture in Princes zone.
15:28 of 2nd period - Jesse Winchester is hit by Fredrik Sjostrom.
15:34 of 2nd period - Ilkka Heikkinen is hit by Jesse Winchester and loses puck.
15:59 of 2nd period - Wrist shot by Martin Hanzal.
15:59 of 2nd period - Shot Misses the Net.
16:01 of 2nd period - Wrist shot by Hal Gill.
16:01 of 2nd period - Stopped by Jeff Deslauriers with a rebound.
16:02 of 2nd period - Minor Penalty to Hal Gill for Holding.
16:03 of 2nd period - Michael Nylander wins face-off versus Denis Arkhipov in Manchots zone.
16:34 of 2nd period - Icing by Chris Thorburn.
16:35 of 2nd period - Jesse Winchester wins face-off versus Tyler Kennedy in Princes zone.
17:20 of 2nd period - Fredrik Sjostrom is hit by Chris Thorburn and loses puck.
17:43 of 2nd period - Alexander Korolyuk is hit by Stanislav Neckar and loses puck.
18:02 of 2nd period - Penalty to Hal Gill is over, Hal Gill is back on ice.
18:05 of 2nd period - Hal Gill is hit by Rostislav Klesla and loses puck.
18:16 of 2nd period - Wrist shot by Spencer Machacek.
18:16 of 2nd period - Stopped by Jeff Deslauriers with a rebound.
18:53 of 2nd period - Cal Clutterbuck is hit by Anthony Peluso and loses puck.
19:08 of 2nd period - Wrist shot by Petr Sykora.
19:08 of 2nd period - Shot Blocked by Theo Peckham.
19:10 of 2nd period - Snap shot by Martin Hanzal.
19:10 of 2nd period - Shot Blocked by Jesse Winchester.
19:47 of 2nd period - Petr Sykora is hit by Jesse Winchester and loses puck.
3rd period
0:01 of 3rd period - Logan Couture wins face-off versus Michael Nylander in neutral zone.
0:06 of 3rd period - Wrist shot by Logan Couture.
0:06 of 3rd period - Stopped by Jeff Deslauriers without a rebound.
0:07 of 3rd period - Michael Nylander wins face-off versus Logan Couture in Princes zone.
0:20 of 3rd period - Wrist shot by David Perron.
0:20 of 3rd period - Shot Blocked by Pernell Karl Subban.
0:56 of 3rd period - Stanislav Neckar is hit by Michael Haley.
1:22 of 3rd period - Wrist shot by Martin Hanzal.
1:22 of 3rd period - Stopped by Jeff Deslauriers with a rebound.
1:36 of 3rd period - Wrist shot by Petr Sykora.
1:36 of 3rd period - Stopped by Jeff Deslauriers without a rebound.
1:37 of 3rd period - Jesse Winchester wins face-off versus Logan Couture in Princes zone.
2:15 of 3rd period - Wrist shot by Brian McGrattan.
2:15 of 3rd period - Shot Blocked by Richard Petiot.
2:48 of 3rd period - Fredrik Sjostrom is hit by Michael Haley and loses puck.
2:55 of 3rd period - Snap shot by Fredrik Sjostrom.
2:55 of 3rd period - Stopped by Jeff Deslauriers without a rebound.
2:56 of 3rd period - Eric Tangradi wins face-off versus Jesse Winchester in Princes zone.
3:00 of 3rd period - Minor Penalty to Tyler Kennedy for Tripping.
3:01 of 3rd period - Michael Nylander wins face-off versus Denis Arkhipov in Manchots zone.
3:55 of 3rd period - Ilkka Heikkinen is hit by Jesse Winchester and loses puck.
5:00 of 3rd period - Penalty to Tyler Kennedy is over, Tyler Kennedy is back on ice.
5:14 of 3rd period - Wrist shot by Tyler Kennedy.
5:14 of 3rd period - Shot Blocked by Rostislav Klesla.
5:26 of 3rd period - Wrist shot by Jordan LaVallee.
5:26 of 3rd period - Stopped by Jeff Deslauriers without a rebound.
5:27 of 3rd period - David Desharnais wins face-off versus Denis Arkhipov in Princes zone.
5:50 of 3rd period - Petr Sykora is hit by Curtis Glencross and loses puck.
7:32 of 3rd period - Wrist shot by Alexander Korolyuk.
7:32 of 3rd period - Shot Misses the Net.
8:07 of 3rd period - Michael Haley is hit by Martin Hanzal and loses puck.
8:58 of 3rd period - Snap shot by Tyler Kennedy.
8:58 of 3rd period - Shot Misses the Net.
9:00 of 3rd period - Slapshot by Tyler Kennedy.
9:00 of 3rd period - Shot Blocked by Yannick Weber.
9:02 of 3rd period - Wrist shot by Tyler Kennedy.
9:02 of 3rd period - Shot Misses the Net.
9:04 of 3rd period - Snap shot by Hal Gill.
9:04 of 3rd period - Shot Blocked by Brian McGrattan.
9:11 of 3rd period - Icing by Yannick Weber.
9:12 of 3rd period - Logan Couture wins face-off versus Tyler Brenner in Princes zone.
9:13 of 3rd period - Wrist shot by Fredrik Sjostrom.
9:13 of 3rd period - Stopped by Jeff Deslauriers with a rebound.
9:15 of 3rd period - Snap shot by Cal Clutterbuck.
9:15 of 3rd period - Deflect By Fredrik Sjostrom.
9:15 of 3rd period - Stopped by Jeff Deslauriers with a rebound.
9:39 of 3rd period - Jamie Benn is hit by Yannick Weber and loses puck.
10:11 of 3rd period - Snap shot by Spencer Machacek.
10:11 of 3rd period - Shot Hit the Post.
10:13 of 3rd period - Slapshot by Richard Petiot.
10:13 of 3rd period - Stopped by Jeff Deslauriers without a rebound.
10:14 of 3rd period - Jesse Winchester wins face-off versus Logan Couture in Princes zone.
10:39 of 3rd period - Pernell Karl Subban is hit by Nate Prosser and loses puck.
10:48 of 3rd period - Slapshot by Stanislav Neckar.
10:48 of 3rd period - Deflect By Petr Sykora.
10:48 of 3rd period - Stopped by Jeff Deslauriers with a rebound.
11:04 of 3rd period - Spencer Machacek is hit by David Desharnais and loses puck.
11:44 of 3rd period - Slapshot by Chris Thorburn.
11:44 of 3rd period - Shot Misses the Net.
11:46 of 3rd period - Snap shot by Yannick Weber.
11:46 of 3rd period - Stopped by Sebastien Caron with a rebound.
11:48 of 3rd period - Slapshot by Theo Peckham.
11:48 of 3rd period - Stopped by Sebastien Caron with a rebound.
12:08 of 3rd period - Petr Sykora is hit by Brian McGrattan.
13:23 of 3rd period - Icing by Brian McGrattan.
13:24 of 3rd period - Michael Nylander wins face-off versus Logan Couture in Princes zone.
13:53 of 3rd period - Slapshot by Michael Nylander.
13:53 of 3rd period - Shot Blocked by Fredrik Sjostrom.
13:55 of 3rd period - Slapshot by Yannick Weber.
13:55 of 3rd period - Stopped by Sebastien Caron with a rebound.
13:57 of 3rd period - Slapshot by Theo Peckham.
13:57 of 3rd period - Deflect By David Perron.
13:57 of 3rd period - Stopped by Sebastien Caron with a rebound.
13:59 of 3rd period - Wrist shot by Michael Nylander.
13:59 of 3rd period - Stopped by Sebastien Caron with a rebound.
14:01 of 3rd period - Slapshot by David Perron.
14:01 of 3rd period - Stopped by Sebastien Caron with a rebound.
14:03 of 3rd period - Wrist shot by Theo Peckham.
14:03 of 3rd period - Shot Misses the Net.
14:05 of 3rd period - Wrist shot by Theo Peckham.
14:05 of 3rd period - Stopped by Sebastien Caron without a rebound.
14:06 of 3rd period - Jesse Winchester wins face-off versus Martin Hanzal in Manchots zone.
14:07 of 3rd period - Snap shot by Chris Thorburn.
14:07 of 3rd period - Stopped by Sebastien Caron without a rebound.
14:08 of 3rd period - Martin Hanzal wins face-off versus Jesse Winchester in Manchots zone.
14:08 of 3rd period - Martin Hanzal is hit by Kevin Shattenkirk.
14:56 of 3rd period - Fredrik Sjostrom is hit by David Perron and loses puck.
15:07 of 3rd period - Snap shot by Brian McGrattan.
15:07 of 3rd period - Shot Misses the Net.
16:23 of 3rd period - Snap shot by Martin Hanzal.
16:23 of 3rd period - Shot Misses the Net.
16:35 of 3rd period - Brian McGrattan is hit by Richard Petiot and loses puck.
17:27 of 3rd period - Snap shot by David Perron.
17:27 of 3rd period - Stopped by Sebastien Caron with a rebound.
17:29 of 3rd period - Slapshot by Nate Prosser.
17:29 of 3rd period - Stopped by Sebastien Caron without a rebound.
17:30 of 3rd period - Tyler Kennedy wins face-off versus Tyler Brenner in Manchots zone.
17:30 of 3rd period - Tyler Kennedy is hit by P.J. Axelsson.
18:11 of 3rd period - Kevin Shattenkirk is hit by Cal Clutterbuck and loses puck.
18:22 of 3rd period - Snap shot by Jordan LaVallee.
18:22 of 3rd period - Stopped by Jeff Deslauriers without a rebound.
18:23 of 3rd period - P.J. Axelsson wins face-off versus Denis Arkhipov in Princes zone.
18:42 of 3rd period - Snap shot by Tyler Kennedy.
18:42 of 3rd period - Shot Misses the Net.
18:44 of 3rd period - Wrist shot by Hal Gill.
18:44 of 3rd period - Shot Misses the Net.
19:02 of 3rd period - Martin Hanzal is hit by P.J. Axelsson and loses puck.
19:17 of 3rd period - Manchots, Sebastien Caron is pulled from the net.
19:17 of 3rd period - Wrist shot by Martin Hanzal.
19:17 of 3rd period - Deflect By Fredrik Sjostrom.
19:17 of 3rd period - Shot Blocked by Theo Peckham.
19:17 of 3rd period - Puck is out of play.
19:18 of 3rd period - Adams Oates call a timeout for Manchots.
19:18 of 3rd period - Martin Hanzal wins face-off versus Jesse Winchester in Princes zone.
19:21 of 3rd period - Wrist shot by Martin Hanzal.
19:21 of 3rd period - Shot Misses the Net.
19:23 of 3rd period - Snap shot by Fredrik Sjostrom.
19:23 of 3rd period - Shot Blocked by P.J. Axelsson.
19:25 of 3rd period - Wrist shot by Petr Sykora.
19:25 of 3rd period - Stopped by Jeff Deslauriers without a rebound.
19:26 of 3rd period - Curtis Glencross wins face-off versus Martin Hanzal in Princes zone.
19:45 of 3rd period - Wrist shot by Fredrik Sjostrom.
19:45 of 3rd period - Stopped by Jeff Deslauriers with a rebound.
19:47 of 3rd period - Wrist shot by Fredrik Sjostrom.
19:47 of 3rd period - Shot Misses the Net.
19:49 of 3rd period - Snap shot by Petr Sykora.
19:49 of 3rd period - Stopped by Jeff Deslauriers with a rebound.
19:51 of 3rd period - Wrist shot by Stanislav Neckar.
19:51 of 3rd period - Stopped by Jeff Deslauriers with a rebound.
Output by the SimonT Hockey Simulator (STHS) for François Prévost -- Original Page W3C XHTML 1.0 Valid